Map: Golden Wall LE

Players

zuka - Winner!

  • Race: Protoss Protoss
  • League: Master
  • Spawn Location: 5:00

Søldier

  • Race: Terran Terran
  • League: Master
  • Spawn Location: 7:00

VOD

Have the link to the VOD?

Description

Time

  • Played on: Aug. 5, 2020, 3:15 p.m.
  • Length: 13:45
Show
View Real Time Build Order
Export as new Build Order

zuka Protoss - Winner!

Build Orders: 1 Gate Expand 

Get SALT Encoding   

  12  0:00  Probe  
  13  0:12  Probe  
  14  0:17  Pylon  
  14  0:24  Probe  
  15  0:37  Gateway  
  15  0:45  Gateway  
  15  1:17  Nexus  
  15  1:24  Zealot (Chrono Boost)  
  19  1:45  Pylon  
  21  1:54  Assimilator  
  17  1:56  Cybernetics Core  
  17  1:57  Probe  
  18  2:17  Nexus  
  18  2:20  Probe (Chrono Boost)  
  22  2:31  Probe (Chrono Boost)  
  22  2:32  Pylon  
  22  2:35  Probe (Chrono Boost)  
  20  2:39  Adept  
  20  2:41  Assimilator  
  23  2:50  Probe  
  24  3:02  Probe  
  24  3:03  Warp Gate  
  24  3:05  Zealot  
  27  3:09  Zealot  
  29  3:14  Probe  
  30  3:23  Pylon  
  30  3:25  Twilight Council  
  31  3:29  Probe (Chrono Boost)  
  31  3:30  Probe (Chrono Boost)  
  32  3:41  Probe (Chrono Boost)  
  34  3:43  Probe (Chrono Boost)  
  34  3:44  Robotics Facility  
  34  3:45  Probe (Chrono Boost)  
  35  3:50  Probe  
  36  3:56  Probe  
  42  4:02  Probe  
  42  4:03  Charge (Chrono Boost)  
  42  4:08  Probe  
  43  4:15  Probe  
  43  4:16  Gateway  
  40  4:21  Gateway  
  40  4:22  Probe  
  41  4:25  Gateway  
  41  4:38  Warp Prism (Chrono Boost)  
  41  4:45  Gateway  
  43  4:50  Gateway  
  43  4:57  Pylon  
  43  5:04  Gateway  
  43  5:23  Pylon  
  43  5:32  Probe x2  
  45  5:43  Zealot x6  
  45  5:44  Probe (Chrono Boost)  
  59  5:50  Probe (Chrono Boost)  
  59  5:52  Pylon  
  59  5:53  Probe (Chrono Boost)  
  60  6:01  Stalker x2  
  60  6:03  Sentry  
  60  6:04  Sentry  
  68  6:05  Zealot  
  68  6:07  Pylon  
  70  6:11  Zealot x3  
  74  6:29  Zealot x5  
  80  6:44  Zealot x3  
  68  7:00  Probe x2  
  64  7:03  Stalker x5  
  72  7:14  Probe x2  
  70  7:17  Nexus  
  70  7:21  Immortal (Chrono Boost)  
  72  7:34  Probe  
  73  7:37  Assimilator  
  73  7:38  Probe  
  73  7:41  Assimilator  
  74  7:45  Forge  
  74  7:46  Probe  
  74  7:50  Probe  
  74  7:51  Immortal (Chrono Boost)  
  76  7:56  Robotics Bay  
  76  7:58  Probe  
  81  8:02  Probe  
  82  8:10  Probe  
  82  8:11  Pylon  
  83  8:14  Probe, Protoss Ground Armor Level 1 (Chrono Boost)  
  83  8:19  Gateway  
  84  8:22  Probe  
  85  8:32  Blink (Chrono Boost)  
  85  8:34  Zealot x2  
  91  8:36  Probe  
  94  8:45  Probe x2  
  94  8:46  Extended Thermal Lance (Chrono Boost)  
  96  8:48  Probe  
  96  8:55  Colossus (Chrono Boost)  
  93  8:57  Probe x2  
  93  9:00  Probe  
  102  9:06  Assimilator  
  102  9:08  Assimilator  
  102  9:18  Zealot x3  
  102  9:22  Pylon  
  108  9:25  Pylon  
  108  9:30  Shield Battery  
  108  9:31  Shield Battery  
  108  9:34  Pylon  
  108  9:35  Pylon  
  108  9:38  Colossus (Chrono Boost)  
  108  9:45  Zealot x3  
  110  9:52  Zealot  
  110  9:53  Zealot x2  
  110  9:58  Zealot  
  104  10:00  Zealot  
  102  10:17  Templar Archives  
  102  10:19  Colossus (Chrono Boost)  
  102  10:20  Zealot  
  102  10:21  Zealot x2  
  114  10:31  Protoss Ground Weapons Level 1 (Chrono Boost)  
  114  10:39  Pylon  
  114  10:46  Pylon  
  114  10:49  Forge, Psionic Storm  
  114  10:53  Nexus  
  114  10:58  Warp Prism  
  116  11:05  High Templar x2  
  116  11:06  High Templar x2  
  124  11:15  Zealot x4  
  132  11:20  Stalker  
  124  11:36  Stalker x2  
  124  11:37  Stalker x3  
  134  11:44  Photon Cannon  
  134  11:47  Photon Cannon  
  134  12:06  Gateway  
  134  12:07  Probe x3  
  137  12:10  High Templar x3  
  137  12:11  High Templar  
  137  12:14  Archon x2  
  145  12:18  Zealot x4  
  129  12:54  Zealot x6  
  129  12:55  Zealot x3  
  139  13:06  Archon x2  
  139  13:15  Zealot x3  
  139  13:16  Zealot x7  
  117  13:35  Robotics Facility  
Show
View Real Time Build Order
Export as new Build Order

Søldier Terran 

Build Orders:  

Get SALT Encoding   

  12  0:00  SCV  
  13  0:12  SCV  
  14  0:18  Supply Depot  
  14  0:24  SCV  
  15  0:39  SCV  
  15  0:41  Barracks  
  16  0:46  Refinery  
  16  0:52  SCV  
  17  1:04  SCV  
  18  1:16  SCV  
  19  1:30  Marine, Bunker  
  19  1:32  Orbital Command  
  20  1:39  Supply Depot  
  20  1:48  Marine  
  21  1:57  SCV  
  22  2:07  Barracks Reactor  
  22  2:17  SCV  
  23  2:29  Command Center  
  23  2:36  SCV  
  24  2:45  Factory  
  24  2:50  SCV  
  25  2:53  Marine, Refinery  
  25  2:55  Marine  
  27  3:02  SCV  
  28  3:11  Bunker  
  28  3:14  SCV  
  28  3:15  Marine  
  28  3:19  Reaper  
  31  3:29  Factory Tech Lab  
  31  3:32  Starport  
  34  3:41  Hellion, SCV  
  34  3:42  Orbital Command  
  34  3:47  Supply Depot  
  34  3:53  SCV  
  34  3:54  Marine  
  34  3:55  Marine  
  37  4:04  Factory Tech Lab  
  37  4:05  SCV  
  38  4:10  Viking  
  38  4:13  Marine  
  38  4:14  Marine  
  38  4:16  SCV  
  43  4:17  SCV  
  43  4:20  Supply Depot  
  44  4:26  Cyclone  
  47  4:36  Barracks  
  47  4:37  SCV  
  46  4:45  Starport Tech Lab  
  45  4:46  Barracks  
  45  4:47  SCV  
  45  4:49  Supply Depot  
  45  4:50  SCV  
  47  4:59  SCV  
  48  5:00  Bunker  
  48  5:04  Siege Tank  
  48  5:05  SCV, Raven  
  54  5:10  Refinery  
  54  5:11  SCV  
  55  5:18  Engineering Bay, SCV  
  56  5:23  SCV  
  57  5:30  SCV  
  57  5:32  Marine x2  
  57  5:33  Supply Depot  
  57  5:35  Barracks Tech Lab  
  60  5:38  Siege Tank  
  63  5:54  Combat Shield, Refinery  
  63  5:55  Marine x2  
  65  5:59  Starport Reactor  
  65  6:00  Marauder  
  65  6:01  SCV  
  65  6:03  Supply Depot  
  68  6:11  SCV  
  69  6:13  Marine x2, Marauder  
  73  6:22  Marauder  
  74  6:29  Bunker  
  74  6:30  Siege Tank  
  74  6:31  Marine x2  
  79  6:34  Marine  
  79  6:45  Marauder  
  64  6:48  Marine, SCV  
  64  6:49  Marine  
  64  6:52  Marine  
  50  6:59  SCV  
  43  7:03  SCV  
  43  7:06  Marine x2  
  46  7:14  Siege Tank  
  47  7:21  Marauder  
  49  7:27  Supply Depot  
  48  7:31  Supply Depot  
  48  7:32  Marine  
  49  7:37  Orbital Command  
  49  7:44  SCV  
  50  7:56  Supply Depot, SCV  
  50  7:58  Supply Depot  
  51  8:02  Marauder  
  53  8:08  SCV  
  53  8:09  Marine  
  55  8:13  SCV  
  55  8:17  Stimpack  
  56  8:20  SCV  
  56  8:25  SCV  
  58  8:32  Marine, Marauder x2  
  58  8:33  SCV  
  64  8:34  Marine  
  64  8:38  Medivac  
  64  8:40  SCV  
  68  8:44  Medivac  
  68  8:47  SCV  
  71  8:52  SCV  
  71  8:53  Marine x2  
  71  8:55  Concussive Shells  
  74  9:06  Marine, Marauder  
  77  9:12  SCV  
  77  9:13  SCV  
  77  9:14  Command Center  
  77  9:16  Marine x2  
  81  9:24  Factory Reactor  
  81  9:25  Barracks, Marauder, SCV x2  
  85  9:31  Barracks, Marine  
  85  9:37  Engineering Bay  
  86  9:38  SCV  
  84  9:50  Engineering Bay  
  72  10:00  Marine  
  72  10:01  Marine, Marauder x2  
  65  10:09  SCV  
  66  10:16  SCV  
  66  10:18  Marine, Terran Infantry Weapons Level 1  
  66  10:19  Marine, Terran Infantry Armor Level 1  
  69  10:22  Marauder x2  
  69  10:26  Barracks Reactor  
  73  10:29  SCV x2  
  73  10:32  Medivac  
  77  10:40  Medivac  
  77  10:41  SCV x2  
  81  10:50  Orbital Command  
  81  10:53  Marine, Marauder, SCV x2  
  86  10:59  Marauder  
  86  11:00  Marauder  
  90  11:12  Marine x2  
  90  11:14  Marauder, Widow Mine x2  
  98  11:21  Marauder  
  98  11:22  Armory  
  100  11:30  Marine  
  100  11:31  Ghost Academy  
  101  11:51  Supply Depot  
  101  11:52  Supply Depot  
  101  11:55  Marine x3, Marauder x2, SCV  
  101  11:57  Marauder, Medivac x2, SCV  
  101  11:59  SCV  
  117  12:10  Refinery  
  117  12:11  Command Center  
  117  12:13  SCV  
  118  12:16  Ghost  
  118  12:17  Marauder  
  118  12:18  SCV  
  118  12:19  Starport, Refinery  
  123  12:24  SCV  
  123  12:25  SCV  
  123  12:28  Viking x2  
  129  12:32  Widow Mine  
  131  12:42  Supply Depot  
  130  12:51  Marine x2, Marauder x2  
  130  12:52  Marauder  
  136  12:58  Viking  
  131  13:09  Viking x2  
  131  13:10  SCV x2  
  96  13:20  Marine x2, Marauder  
  96  13:21  Marauder  
Tags
 
Add a new tag
Caveats
  • Supply blocks, unpowered buildings, or Contaminate may cause inaccurate times.
  • Supply counts are checked every 10 seconds.